Cogmind - Beta 15 @@@ ROGUE MODE // 2025.10.09 @ 18:25:31 Player: weedlord420 Result: Self-destructed Performance ------------- Evolutions (3) 1500 Regions Visited (7) 1400 Robots Destroyed (138) 690 Value Destroyed (3460) 3460 Prototype IDs (17) 340 Alien Tech Used (0) 0 Bonus (352) 352 TOTAL SCORE: 7742 Bonus ------- High Alert Combat Kills 2 Follower Combat Kills 350 Cogmind --------- Core Integrity 557/700 Matter 235/300 Energy 150/150 System Corruption 2% Temperature Cool (0) Movement Flying (32) Location -7/Factory Parts ------- > --- POWER (1) -------- Micro Nuclear Core > --- PROPULSION (4) --- Xenon Bombardment Thruster Improved Cesium-ion Thruster Nuclear Pulse Array > --- UTILITY (6) ------ Medium Storage Unit Improved Signal Interpreter Hacking Suite Hacking Suite > --- WEAPON (2) ------- (None) > --- INVENTORY (10) --- Large Storage Unit Structural Scanner Experimental Sensor Array Advanced Targeting Computer Powered Armor Improved Heavy Laser Missile Launcher Plasma Cutter Signal Generator Peak State ------------ > --- POWER ------------ Micro Nuclear Core > --- PROPULSION ------- Armored Treads Compact Wheel Compact Wheel Improved Cesium-ion Thruster > --- UTILITY ---------- Large Storage Unit Experimental Sensor Array Improved Signal Interpreter Hacking Suite Hacking Suite Hacking Suite > --- WEAPON ----------- Precision Beam Rifle Power Maul > --- INVENTORY -------- Micro Nuclear Core Improved VTOL Module Xenon Bombardment Thruster Xenon Bombardment Thruster Structural Scanner Hardened Light Armor Plating Authchip [R/Combat] Authchip [R/Combat] Authchip [R/Combat] Authchip [Processor] System Restoration Module Improved Heavy Laser Missile Launcher Plasma Cutter Signal Generator [Rating: 49] Favorites ----------- Power Light Ion Engine Engine Light Ion Engine Power Core Light Nuclear Core Propulsion Light Treads Treads Light Treads Wheel Compact Wheel Hover Unit Aerolev Unit Flight Unit Improved Cesium-ion Thruster Utility Large Storage Unit Device Structural Scanner Storage Large Storage Unit Processor Improved Signal Interpreter Hackware Hacking Suite Protection Light Armor Plating Weapon Improved Assault Rifle Energy Gun Improved EM Shotgun Ballistic Gun Improved Assault Rifle Launcher Missile Launcher Impact Weapon Heavy Flail Slashing Weapon Greatsword Special Melee Weapon Improved Datajack Build | -11 -10 -10 -9 -9 -8 -8 -7 ------- Run | Yrd Mat Min Mat Min Mat Sto Fac Slots Evolved 6 | . . . 2 . 2 . 2 Power . | . . . . . . . . Propulsion 2 | . . . . . . . 2 Utility 4 | . . . 2 . 2 . . Weapon . | . . . . . . . . Parts Attached 96 | 8 7 4 28 . 25 14 10 Power 9 | 1 . 1 4 . 1 . 2 Engine 5 | 1 . 1 2 . 1 . . Core 4 | . . . 2 . . . 2 Reactor . | . . . . . . . . Propulsion 30 | 4 1 1 10 . 7 4 3 Treads 17 | 2 1 1 7 . 6 . . Leg . | . . . . . . . . Wheel 7 | 2 . . 3 . 1 1 . Hover 1 | . . . . . . 1 . Flight 5 | . . . . . . 2 3 Utility 34 | 1 2 1 12 . 12 3 3 Device 9 | . 1 1 3 . 2 1 1 Storage 4 | 1 1 . . . 1 . 1 Processor 3 | . . . 1 . 2 . . Hackware 4 | . . . . . 3 . 1 Protection 14 | . . . 8 . 4 2 . Artifact . | . . . . . . . . Weapon 23 | 2 4 1 2 . 5 7 2 Energy Gun 7 | 1 . . 1 . 1 4 . Energy Cannon . | . . . . . . . . Ballistic Gun 7 | 1 3 1 . . 1 1 . Ballistic Cannon . | . . . . . . . . Launcher 4 | . 1 . . . 2 1 . Special Weapon . | . . . . . . . . Impact Weapon 3 | . . . 1 . 1 . 1 Slashing Weapon 1 | . . . . . . . 1 Piercing Weapon . | . . . . . . . . Special Melee Weapon 1 | . . . . . . 1 . Unidentified Prototypes 12 | . 1 . 2 . . 8 1 Parts Lost 19 | . . 3 3 2 8 . 3 Power 3 | . . . 2 . 1 . . Propulsion 2 | . . . . . 1 . 1 Utility 9 | . . 1 1 2 4 . 1 Weapon 5 | . . 2 . . 2 . 1 Highest Loss Streak 3 | . . 3 1 1 3 . 3 To Critical Strikes . | . . . . . . . . Average Backups 13 | 3 11 14 14 13 12 12 13 Power 1 | . 1 1 1 2 1 1 . Propulsion 3 | 2 3 3 3 4 2 2 2 Utility 5 | . 2 4 5 3 5 6 6 Weapon 2 | . 3 4 3 3 2 2 2 Tool/Special . | . . . . . . . . Unused Backups 19 | . 3 . 5 . 1 1 9 Power 1 | . 1 . . . . . . Propulsion 3 | . . . 1 . . . 2 Utility 7 | . . . . . . 1 6 Weapon 6 | . 2 . 4 . . . . Tool/Special 2 | . . . . . 1 . 1 Average Slot Usage (%) 96 | . 96 94 97 98 94 99 92 Engine 8 | . 14 14 5 11 7 8 1 Core 1 | . . . 4 . 1 . 5 Treads 15 | . 14 28 19 20 12 10 6 Wheel 5 | . 13 . 2 1 5 7 14 Device 8 | . 11 8 8 5 8 7 7 Storage 10 | . 14 14 11 11 9 9 7 Processor 7 | . . . 4 11 15 9 7 Hackware 7 | . . . . . 8 18 20 Protection 8 | . . . 17 15 7 9 . Energy Gun 4 | . 2 . 2 11 4 8 2 Ballistic Gun 12 | . 24 27 18 11 7 4 . Impact Weapon 2 | . . . . . 4 4 2 Peak Build Rating 49 | 6 14 14 26 24 35 44 49 Average Rating 25 | 3 12 12 18 17 26 38 46 On Entrance 17 | . 6 14 13 17 18 33 38 Naked Turns . | . . . . . . . . Heaviest Build 48 | 14 32 32 46 41 44 48 41 Greatest Support 42 | 32 40 40 40 40 42 40 32 Greatest Overweight (x) 2 | 1 . . 1 1 2 2 1 Average Overweight (x) . | . . . . . . 1 . Largest Inventory Capacity 15 | 8 15 15 15 15 15 15 15 Average Capacity 14 | 6 13 15 15 15 15 15 14 Most Carried 15 | 5 15 15 15 15 15 15 15 Average Carried 14 | 3 11 14 14 14 14 14 14 Final Capacity 15 | 8 15 15 15 15 15 15 10 Final Carried 15 | 4 15 15 14 15 15 15 9 Class Distribution -------------------- 54% | Mutant 26% | Hacker-Mutant 7% | Scavenger-Mutant 6% | Commander-Mutant Dominant Class ---------------- Mutant | -10/Materials Mutant | -10/Mines Mutant | -9/Materials Mutant | -9/Mines Hacker-Mutant | -8/Materials Hacker-Mutant | -8/Storage Hacker-Mutant | -7/Factory Resources | -11 -10 -10 -9 -9 -8 -8 -7 ----------- Run | Yrd Mat Min Mat Min Mat Sto Fac Matter Collected 3522 | 210 350 325 1149 115 808 475 90 Remotely . | . . . . . . . . Salvage Created 4850 | . 498 362 1511 322 1349 713 95 Parts 312 | . 44 16 110 20 79 36 7 Haulers Intercepted 9 | . 2 . 3 . 1 3 . Recyclers Shooed 2 | . . . . . 2 . . Parts Field Recycled . | . . . . . . . . Retrieved Matter . | . . . . . . . . Parts Self-Destructed . | . . . . . . . . Prevented . | . . . . . . . . Kills | -11 -10 -10 -9 -9 -8 -8 -7 ------- Run | Yrd Mat Min Mat Min Mat Sto Fac Combat Hostiles Destroyed 102 | . 11 18 30 6 30 6 1 Melee 9 | . . . . . 7 1 1 Guns 60 | . 8 9 23 5 10 5 . AOE 30 | . 3 9 7 1 10 . . Classes Destroyed 16 | . 7 1 3 2 . 2 1 Worker 9 | . 2 . 3 . 2 2 . Builder 5 | . 1 . 1 . 2 1 . Tunneler 2 | . . . . 2 . . . Hauler 9 | . 2 . 3 . 1 3 . Recycler 5 | . . . 2 . 1 2 . Mechanic 1 | . . . . . . 1 . Operator 2 | . 1 . . . 1 . . Watcher 10 | . 3 . 4 . 2 1 . Swarmer 31 | . 6 3 12 . 10 . . Grunt 40 | . 5 6 7 5 15 1 1 Brawler 1 | . . . . 1 . . . Duelist 1 | . . . 1 . . . . Sentry 20 | . . . 10 . 6 4 . Hunter 1 | . . . . . . 1 . Programmer 1 | . . . . . . . 1 Assembled 9 | . . 9 . . . . . Best Kill Streak 8 | . 5 7 5 3 8 4 1 Combat Bots Only 7 | . 5 7 4 3 6 1 1 Max Kills in Single Turn 4 | . 3 3 3 1 4 1 1 Gunslinging . | . . . . . . . . Exploded 4 | . 3 3 3 1 4 . . Melee 1 | . . . . . 1 1 1 Uniques/NPCs Destroyed . | . . . . . . . . Combat | -11 -10 -10 -9 -9 -8 -8 -7 -------- Run | Yrd Mat Min Mat Min Mat Sto Fac Hostile Shots Fired 454 | . 37 55 144 20 122 19 57 Missed 137 | . 14 18 38 5 33 7 22 Hits 317 | . 23 37 106 15 89 12 35 Melee 18 | . . 7 5 1 . . 5 Projectile 299 | . 23 30 101 14 89 12 30 Critical Strikes 17 | . 1 1 3 1 5 1 5 Damage Taken 4930 | . 251 698 1427 315 1445 176 618 Core 562 | . 37 102 88 10 164 18 143 Absorbed by Shields . | . . . . . . . . Regen/Repaired (Parts) 406 | . . . 224 . . 182 . Core Remaining (%) 71 | 100 . 44 . 75 . 66 . Volleys Fired 254 | . 37 30 98 22 47 20 . Largest 2 | . 2 2 2 2 2 2 . Hottest 90 | . 70 46 68 68 72 90 . Shots Fired 468 | . 72 56 183 44 76 37 . Gun 450 | . 70 51 178 44 70 37 . Cannon . | . . . . . . . . Launcher 18 | . 2 5 5 . 6 . . Special . | . . . . . . . . Kinetic 353 | . 69 51 159 22 35 17 . Thermal 21 | . 1 . . . . 20 . Explosive 18 | . 2 5 5 . 6 . . Electromagnetic 76 | . . . 19 22 35 . . Robot Hit Streak 23 | . 13 9 23 13 15 10 . Robot Miss Streak 4 | . 3 1 3 3 3 4 . Penetration Max . | . . . . . . . . Secondary Targets 5 | . . 1 2 . 2 . . Max Gunslinging Chain 1 | . . 1 1 . 1 . . Shots Hit Robots 368 | . 45 39 133 33 78 34 6 Core Hits 196 | . 23 27 64 14 53 12 3 Critical Kills 2 | . . . . . 2 . . Critical Parts Destroyed 5 | . . . . . 2 3 . Critical Strikes 9 | . . . . . 6 3 . Smash 9 | . . . . . 6 3 . Melee Attacks 74 | . . . 3 . 41 17 13 Impact 63 | . . . 3 . 41 17 2 Slashing 11 | . . . . . . . 11 Piercing . | . . . . . . . . Sneak Attacks 11 | . . . . . 4 6 1 Combat Hostiles . | . . . . . . . . Follow-up Attacks . | . . . . . . . . Damage Inflicted 9607 | . 823 958 2577 679 2945 1298 327 Guns 5274 | . 698 520 2017 524 877 638 . Cannons . | . . . . . . . . Explosions 2123 | . 125 438 560 155 845 . . Melee 2206 | . . . . . 1223 656 327 Ramming 4 | . . . . . . 4 . Kinetic 3754 | . 686 520 1752 187 355 254 . Thermal 808 | . 12 . 75 155 182 384 . Explosive 1711 | . 125 438 485 . 663 . . Electromagnetic 1124 | . . . 265 337 522 . . Impact 1879 | . . . . . 1223 656 . Slashing 327 | . . . . . . . 327 Piercing . | . . . . . . . . Highest Corruption 8 | . . 8 . 2 2 . 3 Average Corruption 3 | . . 7 . 2 1 . 2 Corruption Purged 3 | . . . . . 2 . 1 Corruption Blocked . | . . . . . . . . Effects 18 | . . 11 . 6 . . 1 Message Errors 3 | . . 3 . . . . . Matter Fused 4 | . . 1 . 3 . . . Heat Flow Errors 6 | . . 4 . 2 . . . Energy Discharges 1 | . . . . . . . 1 Data Loss (minor) 2 | . . 1 . 1 . . . Data Loss (major) 1 | . . 1 . . . . . Misfires 1 | . . 1 . . . . . Overload Shots . | . . . . . . . . Overflow Damage 904 | . . 26 20 . 348 497 13 Projectiles . | . . . . . . . . Explosions 101 | . . 26 20 . 55 . . Melee 803 | . . . . . 293 497 13 Knockbacks 3 | . . . . . 1 2 . Impact 3 | . . . . . 1 2 . Kinetic . | . . . . . . . . Secondary . | . . . . . . . . Self-Inflicted Damage 407 | . . 123 58 93 133 . . Shots 14 | . . 4 2 3 5 . . Rammed 1 | . . . . . . 1 . Targets Rammed 1 | . . . . . . 1 . Kicked . | . . . . . . . . Crushed . | . . . . . . . . Highest Temperature 266 | . 37 266 114 241 159 210 9 Average Temperature 49 | . 18 64 28 76 44 59 5 Received Heat Transfer 1766 | . 123 206 360 105 657 90 225 Siege Activations . | . . . . . . . . Martial Activations . | . . . . . . . . Shielding Activations . | . . . . . . . . Robots Disrupted . | . . . . . . . . Combat Hostiles . | . . . . . . . . Robots Corrupted 8 | . . . . . 4 4 . Combat Hostiles 3 | . . . . . 3 . . Parts Fried 16 | . . . 2 . 8 5 1 Impact Corruptions 22 | . . . . . 11 11 . Robots Melted . | . . . . . . . . Combat Hostiles . | . . . . . . . . Parts Melted 1 | . . . . . 1 . . Heat Transferred 1042 | . 37 . 100 100 250 555 . Parts Sabotaged . | . . . . . . . . Parts Stolen . | . . . . . . . . Parts Stripped . | . . . . . . . . Power Chain Reactions 7 | . . . 1 3 3 . . Alert | -11 -10 -10 -9 -9 -8 -8 -7 ------- Run | Yrd Mat Min Mat Min Mat Sto Fac Maximum Alert Level 2 | . . . 2 . 1 . . Low Security (%) 87 | 100 100 100 56 100 86 100 100 Level 1 12 | . . . 43 . 13 . . Level 2 . | . . . . . . . . Level 3 . | . . . . . . . . Level 4 . | . . . . . . . . Level 5 . | . . . . . . . . High Security . | . . . . . . . . Max Security . | . . . . . . . . Peak Influence 401 | . 188 82 401 101 351 137 72 Initial 65 | . . 42 . 59 . 65 59 Average 79 | . 85 23 169 25 110 30 8 Influence Increases 3754 | . 410 257 1035 211 1021 624 196 Destroy 0b10 Robot/C 2060 | . 220 180 600 120 620 280 40 Destroy 0b10 Robot/NC 225 | . 45 5 65 10 45 55 . Destroy Leader 580 | . 50 50 174 20 146 120 20 Allied During Kill 119 | . . . . . 6 105 8 Successful Hack 128 | . 43 . 41 . 18 10 16 Disable Machine 210 | . 30 . 105 . 30 45 . Destroy Structure 177 | . 7 22 35 16 81 9 7 Partial Spotted 15 | . . . . . . . 15 Lose Combat Pursuer 240 | . 15 . 15 45 75 . 90 Influence Decreases 3682 | . 302 365 882 364 867 647 255 Entered New Map 321 | . . 66 . 94 . 89 72 Time Decay 2319 | . 302 270 542 250 451 351 153 Lost Part 189 | . . 29 30 20 80 . 30 Lost Ally 153 | . . . 10 . 36 107 . Purge Threat 700 | . . . 300 . 300 100 . Squads Dispatched 7 | . 1 . . . 2 . 4 Investigation 3 | . . . . . 1 . 2 Extermination 2 | . . . . . . . 2 Reinforcement 2 | . 1 . . . 1 . . Assault . | . . . . . . . . Garrison . | . . . . . . . . Intercept . | . . . . . . . . Searches Triggered . | . . . . . . . . Construction Impeded . | . . . . . . . . Haulers Reinforced . | . . . . . . . . Active Scanning Responses . | . . . . . . . . Cargo Convoy Interrupts . | . . . . . . . . Stealth | -11 -10 -10 -9 -9 -8 -8 -7 --------- Run | Yrd Mat Min Mat Min Mat Sto Fac Distress Signals 9 | . 1 . 4 . 3 1 . Communications Jammed . | . . . . . . . . Distress Signals . | . . . . . . . . Times Spotted 154 | . 18 18 42 9 45 14 8 Peak Tracking Total 7 | . 3 6 6 3 7 4 5 Tactical Retreats 12 | . 1 . 1 2 5 . 3 Traps | -11 -10 -10 -9 -9 -8 -8 -7 ------- Run | Yrd Mat Min Mat Min Mat Sto Fac Traps Triggered 4 | . . . . . 3 . 1 Indirectly . | . . . . . . . . Trap Hack Attempts 26 | . . . . . . 26 . Triggered . | . . . . . . . . Disarmed . | . . . . . . . . Reprogrammed 3 | . . . . . . 3 . Reused . | . . . . . . . . Traps Extracted . | . . . . . . . . Installed . | . . . . . . . . Triggered . | . . . . . . . . Machines | -11 -10 -10 -9 -9 -8 -8 -7 ---------- Run | Yrd Mat Min Mat Min Mat Sto Fac Machines Disabled 14 | . 2 . 7 . 2 3 . Max in Single Turn 1 | . 1 . 1 . 1 1 . Garrison Access 2 | . . . . . 1 1 . Machines Repaired . | . . . . . . . . Machines Dismantled . | . . . . . . . . Machines Sabotaged . | . . . . . . . . Overloaded Fab Kills . | . . . . . . . . Hacking | -11 -10 -10 -9 -9 -8 -8 -7 --------- Run | Yrd Mat Min Mat Min Mat Sto Fac Machines Accessed 49 | . 6 . 10 . 12 15 6 Terminals 38 | . 6 . 8 . 10 11 3 Fabricators 2 | . . . . . . . 2 Repair Stations 3 | . . . 1 . . 2 . Recycling Units 4 | . . . 1 . 1 1 1 Scanalyzers . | . . . . . . . . Garrison Access 2 | . . . . . 1 1 . Total Hacks 156 | . 28 . 31 . 30 47 20 Successful 82 | . 13 . 14 . 10 29 16 Failed 74 | . 15 . 17 . 20 18 4 Catastrophic 7 | . 3 . 3 . . . 1 Database Lockouts . | . . . . . . . . Manual 97 | . 21 . 16 . 24 20 16 Terminals 127 | . 28 . 23 . 26 37 13 Fabricators 4 | . . . . . . . 4 Repair Stations 10 | . . . 4 . . 6 . Recycling Units 11 | . . . 4 . 2 2 3 Scanalyzers . | . . . . . . . . Garrison Access 4 | . . . . . 2 2 . Terminal Hacks 38 | . 7 . 4 . 5 15 7 Record 1 | . . . . . . . 1 Part Schematic 4 | . . . . . . 3 1 Robot Analysis 2 | . 1 . . . 1 . . Prototype ID Bank 3 | . 1 . 1 . . 1 . Open Door 3 | . . . . . . 3 . Terminal Index 4 | . 1 . . . 1 1 1 Fabricator Index 1 | . . . . . . . 1 Garrison Index 1 | . . . . . . . 1 Unreport Threat 7 | . . . 2 . 2 3 . Locate Traps 6 | . 2 . . . 1 2 1 Recall Investigation 2 | . 1 . . . . . 1 Hauler Manifests 1 | . . . . . . 1 . Registered Components 2 | . 1 . . . . 1 . Registered Prototypes 1 | . . . 1 . . . . Fabricator Hacks 2 | . . . . . . . 2 Load Schematic 1 | . . . . . . . 1 Build 1 | . . . . . . . 1 Repair Station Hacks 9 | . . . 4 . . 5 . Scan Component 5 | . . . 2 . . 3 . Repair 4 | . . . 2 . . 2 . Recycling Unit Hacks 4 | . . . . . . 2 2 Retrieve Components 4 | . . . . . . 2 2 Scanalyzer . | . . . . . . . . Garrison Access Hacks 2 | . . . . . 1 1 . Seal Access 2 | . . . . . 1 1 . Unauthorized Hacks 27 | . 6 . 6 . 4 6 5 Terminals 25 | . 6 . 6 . 4 6 3 Track 3 | . 2 . . . . . 1 Assimilate 2 | . . . 1 . 1 . . Botnet 15 | . 3 . 4 . 2 5 1 Operators 5 | . 1 . 1 . 1 1 1 Fabricators 1 | . . . . . . . 1 Recompile 1 | . . . . . . . 1 Repair Stations . | . . . . . . . . Recycling Units 1 | . . . . . . . 1 Reject 1 | . . . . . . . 1 Scanalyzers . | . . . . . . . . Garrison Access . | . . . . . . . . Data Cores Recovered . | . . . . . . . . Used . | . . . . . . . . Hacking Detections 43 | . 6 . 9 . 10 12 6 Full Trace Events 2 | . 1 . . . . . 1 Feedback Events . | . . . . . . . . Feedback Blocked . | . . . . . . . . Robot Schematics Acquired . | . . . . . . . . Robots Built . | . . . . . . . . Authchips . | . . . . . . . . Time . | . . . . . . . . Total Robot Build Rating . | . . . . . . . . Part Schematics Acquired 4 | . . . . . . 3 1 Parts Built 1 | . . . . . . . 1 Authchips . | . . . . . . . . Time 106 | . . . . . . . 106 Total Part Build Rating 6 | . . . . . . . 6 Parts Repaired 4 | . . . 2 . . 2 . Time 153 | . . . 83 . . 70 . Parts Recycled . | . . . . . . . . Recycled Matter . | . . . . . . . . Retrieved Matter . | . . . . . . . . Retrieved Components 16 | . . . . . . 13 3 Parts Scanalyzed . | . . . . . . . . Part Schematics Acquired . | . . . . . . . . Parts Damaged . | . . . . . . . . Bothacking | -11 -10 -10 -9 -9 -8 -8 -7 ------------ Run | Yrd Mat Min Mat Min Mat Sto Fac Used RIF Installer . | . . . . . . . . Robots Hacked . | . . . . . . . . Non-combat . | . . . . . . . . Combat . | . . . . . . . . Robot Hacks Applied . | . . . . . . . . Relay Couplers Released . | . . . . . . . . Fabnet Peak Effective % . | . . . . . . . . Robots Rewired . | . . . . . . . . Allies Hacked . | . . . . . . . . Hacks Repelled . | . . . . . . . . Allies | -11 -10 -10 -9 -9 -8 -8 -7 -------- Run | Yrd Mat Min Mat Min Mat Sto Fac Total Allies 15 | . . . 1 3 1 10 . Largest Group 11 | . . . 1 3 3 11 5 Highest-Rated Group 183 | . . . 10 40 40 183 80 Highest-Rated Ally 29 | . . . 10 16 16 29 16 Total Orders 3 | . . . . . . 3 . STAY 1 | . . . . . . 1 . FOLLOW 1 | . . . . . . 1 . EXPLORE 1 | . . . . . . 1 . Ally Attacks 102 | . . . . . 15 74 13 Total Damage 1137 | . . . . . 116 889 132 Kills 11 | . . . . . 1 9 1 Allies Corrupted . | . . . . . . . . Allies Melted . | . . . . . . . . Intel | -11 -10 -10 -9 -9 -8 -8 -7 ------- Run | Yrd Mat Min Mat Min Mat Sto Fac Active Infowar (turns) 5673 | . . 498 703 456 1726 1384 906 Sensors 2270 | . . . 69 30 . 1298 873 Structural 3063 | . . 498 634 426 1265 86 154 Machine Analysis 1509 | . . . . . 1329 180 . Robot Analysis Total 2 | . 1 . . . 1 . . Derelict Logs Recovered 4 | . . 3 . 1 . . . Drone Launches 1 | . . . . . . 1 . Drone Recoveries 1 | . . . . . . 1 . Exploration | -11 -10 -10 -9 -9 -8 -8 -7 ------------- Run | Yrd Mat Min Mat Min Mat Sto Fac Turns Passed 9260 | 47 804 865 2158 973 1726 1735 952 Spaces Moved 4876 | 32 473 457 915 534 838 886 741 Core 11 | 11 . . . . . . . Treads 2549 | 5 215 457 742 497 378 255 . Legs . | . . . . . . . . Wheels 2228 | 16 258 . 173 37 460 631 653 Hover . | . . . . . . . . Flight 88 | . . . . . . . 88 Fastest Speed 32 | 50 100 160 105 115 115 115 32 Average Speed 141 | 95 127 160 158 157 146 146 94 Slowest Speed 250 | 160 160 160 240 240 237 250 115 Overloaded Moves . | . . . . . . . . Propulsion Burnouts . | . . . . . . . . Robots Hopped 1 | . . . . . . . 1 Potential Cave-ins . | . . . . . . . . Cave-ins Triggered . | . . . . . . . . Exploration Rate (%) 67 | 4 81 81 86 98 81 86 20 Regions Visited 7 Branch Regions 3 Pre-discovered Areas 1 | . . 1 . . . . . Known Exits Taken 4 | . . . 1 1 1 1 . Unknown Exits Taken 3 | 1 1 1 . . . . . Scrap Searched 3 | . . 1 . 2 . . . Spaces Dug 23 | . 4 . 1 . 6 5 7 Terrain Destroyed 182 | . 7 30 27 17 85 9 7 Melee 19 | . . . 1 . 6 5 7 Projectile 4 | . . . . . . 4 . AOE 159 | . 7 30 26 17 79 . . Terrain Rammed . | . . . . . . . . Walls Destroyed . | . . . . . . . . Machines Disabled . | . . . . . . . . Actions | -11 -10 -10 -9 -9 -8 -8 -7 --------- Run | Yrd Mat Min Mat Min Mat Sto Fac Total 6622 | 45 604 533 1425 621 1179 1249 966 Wait 1013 | . 62 32 312 59 151 228 169 Move 4867 | 31 472 456 914 533 837 885 739 Hop 1 | . . . . . . . 1 Pick Up 87 | 6 16 4 14 2 21 15 9 Fast Attach 28 | 4 2 . 6 . 8 3 5 Attach 29 | 2 . 2 7 2 5 6 5 Detach . | . . . . . . . . Swap 160 | 2 8 7 50 3 51 32 7 Drop 81 | . 7 2 21 . 18 15 18 Fire 254 | . 37 30 98 22 47 20 . Melee 74 | . . . 3 . 41 17 13 Ram . | . . . . . . . . Kick . | . . . . . . . . Crush 1 | . . . . . . 1 . Escape Stasis . | . . . . . . . . Rewire 1 | . . . . . . 1 . Trap 26 | . . . . . . 26 . Miscellaneous . | . . . . . . . . Route ------- -11/Scrapyard -10/Materials (discovered 3 exits: *Mat / [*Min x2]) -10/Mines (discovered 2 exits: *Mat / [*Exi]) -9/Materials (discovered 5 exits: *Mat x3 / *Min x2) -9/Mines (discovered 2 exits: *Mat x2) -8/Materials (discovered 4 exits: *Fac x3 / *Sto) -8/Storage -7/Factory (discovered 1 exit: [*Low]) History --------- Turn | Location | Event 9 | -11/Scrapyard | Discovered new exit (range 16) 48 | -11/Scrapyard | Entered Materials 48 | -10/Materials | Discovered new exit (range 15) 295 | -10/Materials | Discovered new exit (range 14) 312 | -10/Materials | Build established: Mutant 552 | -10/Materials | Discovered new exit (range 16) 852 | -10/Materials | Entered Mines 853 | -10/Mines | Assembled infested the area 869 | -10/Mines | Met a Derelict bent on vengeance 1213 | -10/Mines | Learned location of Zion (-7) 1348 | -10/Mines | Learned 2 Materials zone layouts 1434 | -10/Mines | Lost 3 parts (1u2w) 1435 | -10/Mines | Destroyed 7 combat bots 1460 | -10/Mines | Found a damaged Exp. Sensor Array with a note attached 1463 | -10/Mines | Found Prototype Device 1477 | -10/Mines | Learned Materials terminal intel 1523 | -10/Mines | Core integrity fell below 50% 1685 | -10/Mines | Discovered new exit (range 7) 1704 | -10/Mines | Deemed a non-threat by the Exiles lab entrance 1704 | -10/Mines | Discovered new exit (range 5) 1717 | -10/Mines | Entered Materials 1717 | -9/Materials | Evolved 2 slots: Utility x2 1718 | -9/Materials | Identified exit to Mines 1719 | -9/Materials | Loaded intel: 12 terminal locations 2588 | -9/Materials | Discovered new exit (range 3) 2901 | -9/Materials | Repaired Imp. Assault Rifle 2934 | -9/Materials | Repaired Med. Armor Plating 2986 | -9/Materials | Identified Exp. Sensor Array 3037 | -9/Materials | Discovered new exit (range 5) 3252 | -9/Materials | Discovered exit to Mines (range 11) 3704 | -9/Materials | Discovered new exit (range 15) 3875 | -9/Materials | Entered Mines 4026 | -9/Mines | Found a Scrap Suit stashed away for nefarious purposes 4032 | -9/Mines | Found Scrap Suit 4173 | -9/Mines | Learned location of 1 exit from Proximity Caves 4394 | -9/Mines | Discovered new exit (range 14) 4489 | -9/Mines | Assisted by bots powering up and referring to "LRC-V3" 4763 | -9/Mines | Discovered new exit (range 10) 4772 | -9/Mines | Met a Derelict testing a Signal Generator 4790 | -9/Mines | Found Signal Generator 4843 | -9/Mines | Identified exit to Materials 4848 | -9/Mines | Entered Materials 4848 | -8/Materials | Accompanied by 3 allies 4848 | -8/Materials | Evolved 2 slots: Utility x2 5077 | -8/Materials | Discovered new exit (range 7) 5080 | -8/Materials | Lost 3 allies 5201 | -8/Materials | Discovered new exit (range 4) 5353 | -8/Materials | Identified exit to Storage 5418 | -8/Materials | Discovered new exit (range 6) 5487 | -8/Materials | Build established: Scavenger-Mutant 5520 | -8/Materials | Lost 3 parts (1p2u) 5658 | -8/Materials | Lost 3 parts (1n1u1w) 6019 | -8/Materials | Discovered new exit (range 4) 6101 | -8/Materials | Build established: Hacker-Mutant 6574 | -8/Materials | Entered Storage 6574 | -8/Storage | Accompanied by 1 ally 7061 | -8/Storage | Repaired Hrd. Medium Armor Plating 7364 | -8/Storage | Repaired Imp. Ion Engine 7749 | -8/Storage | Assisted by bots powering up and referring to "LRC-V3" 7869 | -8/Storage | Discovered new exit (range 5) 7873 | -8/Storage | Lost 4 allies 8052 | -8/Storage | Build established: Commander-Mutant 8299 | -8/Storage | Identified exit to Factory 8309 | -8/Storage | Entered Factory 8309 | -7/Factory | Accompanied by 5 allies 8309 | -7/Factory | Evolved 2 slots: Propulsion x2 8809 | -7/Factory | Fabricated Nuclear Pulse Array (x1) 8831 | -7/Factory | Build established: Hacker-Mutant 9227 | -7/Factory | Discovered new exit (range 11) 9230 | -7/Factory | Found Powered Armor 9248 | -7/Factory | Lost 3 parts (1n1u1w) 9261 | -7/Factory | Self-destructed Last Messages --------------- 09211_ Com. Wheel destroyed. 09211_ Critical hit (Burn: +37). 09212_ Greatsword destroyed. 09213_ Dropped Authchip [R/Combat]. 09213_ Critical hit (Burn: +37). 09214_ Dropped Authchip [R/Combat]. 09215_ Dropped Authchip [Processor]. 09215_ Mic. Nuclear Core severed. 09217_ Dropped Com. Wheel. 09217_ Hacking Suite destroyed. 09217_ Critical hit (Burn: +37). 09218_ Dropped Arm. Treads. 09224_ System Restoration Module purges 1% system corruption (2%). 09224_ System Restoration Module expended. 09227_ EXIT=FOUND 09230_ Acquired Powered Armor. 09231_ T-07 Excavator is excavating. 09239_ Acquired Adv. Targeting Computer. 09246_ System corrupted: Energy discharge (-40). Map ----- +----------------------------------------------------+ | ## ##???# #????# """ | | # #???# #????# | | # ##### #########+## | | # [[] "" | | """ # []] *! Y" | | """ / []] "" | | """ # ]!* | | # ! | | """ # ##########+#############+### # | | """ # #????# ?????????? # # | | """ !### ###????# """" !???????" """" # # | | #?# ######## """" #????""" """" # # | | #######?# + """" #???"""" """" # | | ????????# ######## """" #???"""" """" # | | ????????# #??????# """" #???? / | | ????????# #??????# """" #????###??#######+### | | ??????? #??????# """" #???????????????????? | | #?????#####+###??????# #???????????????????? | | #????????????????????# """" #???????????????????? | | #????????????????????# """" !#???????????????????? | | ?????????????????????# """" #???????????????????? | | ?????????????????????# """" #???????????????????? | | ?????????????????????# """" #???????????????????? | | ?????????????????????# """" #???????????????????? | | ?????????????????????# """" #???????????????????? | | ?????????????????????# @ #???????????????????? | | ?????????????????????#########???????????????????? | | ?????????????????????????????????????????????????? | | | | | | | | | | | | | | | | | | | | | | | | | | | | | | | | | | | | | | | | | | | | | +----------------------------------------------------+ Best States ------------- Heat Dissipation 34 Coolant Potential 50 Energy Generation 15 Energy Capacity 280 Matter Stores 300 Matter Capacity 300 Sight Range 16 Robot Scan Range 20 Terrain Scan Density 10 Armor Coverage 525 Evasion (%) 63 Recoil Reduction 2 Offensive Hacking 30 Defensive Hacking 10 Authchip Count 4 Item Schematics ----------------- System Shield | -8/Storage | Hacked Imp. Trap Extractor | -8/Storage | Hacked Imp. Heavy Armor Plating | -8/Storage | Hacked Nuclear Pulse Array | -7/Factory | Hacked Robot Schematics ------------------ None Fabricated ------------ Nuclear Pulse Array | x1 | -7/Factory Repaired ---------- Imp. Assault Rifle | 6% | -9/Materials Med. Armor Plating | 22% | -9/Materials Hrd. Medium Armor Plating | 45% | -8/Storage Imp. Ion Engine | 27% | -8/Storage Alien Tech Used ----------------- None Achievements -------------- None Challenges ------------ None Game ------ Seed MomentumBarrageTurbovents Manual? 0 Play Time 01:12:29 Cumulative 105.7 hours Start 2025.10.09 @ 15:47:18 End 2025.10.09 @ 18:25:31 Sessions 3 Manual Loads 0 Difficulty Rogue Special Mode None Game No. 168 Rogue 167 Adventurer 1 Explorer 0 Win Type - Total 1 Types 0/0/0/1/0/0/0/0/0/0 Lore% 58 Gallery% 53 Achievement% 49 Wizard Run 0 Options --------- Layout 1 ASCII 0 Keyboard 0 Movement Mouse Keybinds 0 Fullscreen 1 Font 24/Smallcaps Map View 50x35 Zoom Use 0% Tactical HUD 1 Map Filters NONE Filters NONE Steam 1 RUN: 90f25495-df38-453f-a2b5-dd139c234e43